 Dungeon Crawl Stone Soup version 0.20-a0-751-g905781e (webtiles) character file.

1033 Amciq the Cudgeler (level 8, -9/83 HPs)
             Began as a Troll Berserker on Feb 25, 2017.
             Was a Priest of Trog.
             Mangled by an orc warrior
             ... wielding a +0 war axe
              (13 damage)
             ... on level 6 of the Dungeon.
             The game lasted 00:09:19 (2383 turns).

Amciq the Cudgeler (Troll Berserker)                Turns: 2383, Time: 00:09:19

Health: -9/83      AC:  5    Str: 33    XL:     8   Next: 3%
Magic:  7/7        EV: 10    Int:  3    God:    Trog [***...]
Gold:   170        SH:  0    Dex:  9    Spells: 7/7 levels left

rFire    . . .     SeeInvis .   a - +1 mace
rCold    . . .     Gourm    +   b - +0 animal skin
rNeg     . . .     Faith    .   (no shield)
rPois    .         Spirit   .   (helmet restricted)
rElec    .         Reflect  .   (no cloak)
rCorr    .         Harm     .   (gloves unavailable)
MR       +....     Rnd*Tele +   (boots unavailable)
Stlth    +.........             (no amulet)
Regen    0.7/turn               (no ring)
MPRegen  0.1/turn               (no ring)

@: mighty, lethally poisoned (-9 -> -9), exhausted, slowed, very slow
A: unfitting armour, claws 3, horns 1, fast metabolism 3, gourmand, magic
resistance 1, regeneration 1, shaggy fur 1, teleportitis 1, tough skin 2
a: Berserk, Trog's Hand, Burn Spellbooks, Renounce Religion


You were on level 6 of the Dungeon.
You worshipped Trog.
Trog was most pleased with you.
You were very full.

You visited 1 branch of the dungeon, and saw 6 of its levels.

You collected 260 gold pieces.
You spent 90 gold pieces at shops.

Inventory:

Hand Weapons
 a - a +1 mace (weapon)
Armour
 b - a +0 animal skin (worn)
Wands
 f - a wand of acid (7/15)
 g - a wand of polymorph (6/24)
 o - a wand of random effects (17/48)
Scrolls
 d - 5 scrolls of remove curse
 i - 2 scrolls of fog
 j - a scroll of random uselessness {unknown}
 k - a scroll of fear {unknown}
 l - 5 scrolls of identify {unknown}
 n - a scroll of amnesia {unknown}
Potions
 e - 2 potions of cancellation
 h - 4 potions of curing
 q - a potion of lignification {unknown}
Comestibles
 c - 5 bread rations
 p - a royal jelly
 r - 6 chunks of flesh


   Skills:
 + Level 5.9 Fighting
 + Level 6.6 Maces & Flails
 - Level 2.4 Dodging


You had 7 spell levels left.
You didn't know any spells.

Dungeon Overview and Level Annotations

Branches:
Dungeon (5/15)
 Temple: D:4-7

Altars:
Dithmenos
Hepliaklqana
Nemelex Xobeh
Okawaru
Zin


Innate Abilities, Weirdness & Mutations

You are too large for most types of armour.
You have claws for hands.
Your metabolism is lightning-fast.
You like to eat raw meat.
Your natural rate of healing is unusually fast.
You are covered in fur. (AC +1)
You have very tough skin. (AC +2)
You have a pair of small horns on your head.
You are resistant to hostile enchantments. (MR+)
You are occasionally teleported next to monsters.


Message History

You barely miss the orc warrior. Your headbutt misses the orc warrior.
The orc warrior is almost dead.
You feel sick.
The orc warrior hits you with a war axe.
You are too injured to fight recklessly!
You are too injured to fight recklessly!
You hit the orc warrior but do no damage.
The orc warrior is almost dead.
You feel sick.
The orc warrior hits you with a war axe!
You hit the orc warrior.
The orc warrior is almost dead.
The orc warrior hits you with a war axe!
You feel very mighty all of a sudden.
You feel sick.
The orc warrior hits you with a war axe!!
* * * LOW HITPOINT WARNING * * *
The phantom blinks!
The orc warrior hits you with a war axe!
You die...

#..................... .
#.................... ..
#..............W.... ...
#...###............ ....
#.......###....... ...>.
#.......#......h.#....#.
#.......# ..##oZ.o.....
#.......# ...#o#h......
##......# ####@#####.?.
#......# ###.....# $
##......###..##.##..#
#........#.####+# #.#
#................. ..
#........######+##
#.................
#...###.##.####+##
###.###..##..


You could see a phantom, an orc warrior, an orc wizard, a jackal zombie and a
jackal.

Vanquished Creatures
  Grinder (D:5)
  The ghost of Caerwyn the Insei, an amateur MfTm (D:4)
  The ghost of unimpressed the Magician, an amateur DEFE (D:3)
  Duvessa (D:6)
  Dowan (D:6)
  A scorpion (D:4)
  2 hounds
  An orc priest (D:4)
  A centaur zombie (D:4)
  A bullfrog skeleton (D:4)
  Jessica (D:2)
  A worker ant (D:4)
  An orc wizard (D:6)
  4 gnolls (D:3)
  6 adders
  A shadow imp (D:4)
  A worm (D:3)
  2 leopard geckos
  14 orcs
  4 bats (D:1)
  3 giant cockroaches
  5 goblins
  2 hobgoblins (D:3)
  10 jackals
  5 frilled lizards
  A jackal zombie (D:4)
  6 kobolds
  A leopard gecko skeleton (D:6)
  7 rats
86 creatures vanquished.

Vanquished Creatures (others)
  An orc (D:6)
1 creature vanquished.

Grand Total: 87 creatures vanquished

Notes
Turn   | Place    | Note
-------+----------+-------------------------------------------
     0 | D:1      | Amciq the Troll Berserker began the quest for the Orb.
     0 | D:1      | Reached XP level 1. HP: 22/22 MP: 0/0
   134 | D:1      | Reached XP level 2. HP: 29/29 MP: 1/1
   139 | D:1      | Reached skill level 3 in Maces & Flails
   473 | D:2      | Noticed Jessica
   475 | D:2      | Found a sparkling altar of Nemelex Xobeh.
   484 | D:2      | Killed Jessica
   484 | D:2      | Reached XP level 3. HP: 37/37 MP: 2/2
   723 | D:3      | Reached ** piety under Trog
   765 | D:3      | Reached XP level 4. HP: 45/45 MP: 3/3
   833 | D:3      | Found an iron altar of Okawaru.
   853 | D:3      | Noticed unimpressed's ghost (amateur DEFE)
   866 | D:3      | Killed unimpressed's ghost
   866 | D:3      | Reached skill level 4 in Maces & Flails
   866 | D:3      | Reached XP level 5. HP: 25/54 MP: 4/4
  1117 | D:3      | Found Zin's Purification Station.
  1121 | D:3      | Found a glowing silver altar of Zin.
  1124 | D:3      | Bought a potion of curing for 90 gold pieces
  1479 | D:4      | Reached XP level 6. HP: 44/63 MP: 5/5
  1595 | D:4      | Reached skill level 5 in Maces & Flails
  1820 | D:4      | Noticed Caerwyn's ghost (amateur MfTm)
  1823 | D:4      | Gained mutation: You are occasionally teleported next to monsters. [potion of mutation]
  1823 | D:4      | Gained mutation: You are resistant to hostile enchantments. (MR+) [potion of mutation]
  1823 | D:4      | Gained mutation: You have a pair of small horns on your head. [potion of mutation]
  1830 | D:4      | Killed Caerwyn's ghost
  1833 | D:4      | Reached XP level 7. HP: 71/71 MP: 6/6
  1858 | D:4      | Reached skill level 5 in Fighting
  1987 | D:4      | Found a shadowy altar of Dithmenos.
  2122 | D:5      | Entered Level 5 of the Dungeon
  2126 | D:5      | Noticed Grinder
  2127 | D:5      | Reached *** piety under Trog
  2137 | D:5      | Paralysed by Grinder for 7 turns
  2181 | D:5      | Killed Grinder
  2181 | D:5      | Reached skill level 6 in Maces & Flails
  2214 | D:5      | You fall through a shaft!
  2226 | D:6      | Found a hazy altar of Hepliaklqana.
  2231 | D:6      | Noticed Dowan
  2232 | D:6      | Noticed Duvessa
  2252 | D:6      | Killed Duvessa
  2257 | D:6      | Killed Dowan
  2257 | D:6      | Reached XP level 8. HP: 83/83 MP: 7/7
  2383 | D:6      | HP: 4/83 [orc warrior/war axe (22)]
  2383 | D:6      | Mangled by an orc warrior

Vault maps used:
D:1:      saegor_arrival_simple_a
D:2:      grunt_temple_overflow_magic_moments, grunt_qazlal_sundering,
          nemelex_altar_shiori, uniq_jessica
D:3:      zin_purify, okawaru_ov_weapons_minmay
D:4:      overflow_temple_1_default, first_bread
D:5:      slow_altar_2, nicolae_ru_awakened_eye, uniq_grinder
D:6:      lemuel_doored_altar, basic_altar, serial_shops, shop, shop,
          nicolae_shop_stone, interstate_on_off, uniq_sigmund, uniq_duvessa,
          uniq_pikel

Skill      XL: |  1  2  3  4  5  6  7 |
---------------+----------------------+-----
Maces & Flails | 3 4 5 6 |  6.6
Fighting       | 3 4 5 |  5.9
Dodging        | |  2.4

Action                   |  1- 3 |  4- 6 |  7- 9 || total
-------------------------+-------+-------+-------++-------
Melee: Mace              |   101 |   123 |    81 ||   305
       Headbutt          |       |     1 |     9 ||    10
Invok: Berserk           |     3 |     4 |     4 ||    11
       Trog's Hand       |       |     2 |     3 ||     5
       Burn Spellbooks   |       |       |     2 ||     2
  Use: Scroll            |     4 |     2 |       ||     6
       Potion            |       |     6 |     1 ||     7
 Stab: Sleeping          |       |     1 |       ||     1
  Eat: Chunk             |    11 |    18 |    10 ||    39
Armor: Animal skin       |    64 |    27 |    33 ||   124
Dodge: Dodged            |    82 |    81 |    46 ||   209
